 Dungeon Sprint DCSS version 0.15.1-3-g1b33baa (webtiles) character file.

690 OneOf99 the Carver (level 7, -10/63 HPs)
             Began as a Minotaur Berserker on Oct 12, 2014.
             Was a High Priest of Trog.
             Mangled by a red wasp (16 damage)
             ... in the Dungeon (Sprint VII: "The Pits").
             The game lasted 00:03:45 (870 turns).

OneOf99 the Carver (Minotaur Berserker)              Turns: 870, Time: 00:03:45

HP -10/63        AC 12     Str 24      XL: 7   Next: 36%
MP   3/3         EV  8     Int  4      God: Trog [*****.]
Gold 0           SH  0     Dex  9      Spells:  0 memorised,  6 levels left

rFire  . . .     SeeInvis .     p - +2 long sword (flame)
rCold  . . .     Clarity  .     q - +3 chain mail
rNeg   . . .     rCorr    .     (no shield)
rPois  .         rRot     .     (helmet restricted)
rElec  .         Spirit   .     (no cloak)
SustAb .         Warding  .     (no gloves)
rMut   .         NoTele   +     (no boots)
Gourm  .                        (no amulet)
MR     .....                    (no ring)
                                (no ring)

@: lethally poisoned, very slightly contaminated, slowed, invisible, very slow,
not resistant to hostile enchantments, extremely unstealthy
A: retaliatory headbutt, horns 2
a: Burn Spellbooks, Berserk, Trog's Hand, Brothers in Arms, Renounce Religion


You were in the Dungeon.
You worshipped Trog.
Trog was extremely pleased with you.
You were not hungry.

You visited 1 branch

Inventory:

Hand weapons
 p - a +2 long sword of flaming (weapon)
Armour
 q - a +3 chain mail (worn)
Comestibles
 c - 8 bread rations
 j - 39 fruits
 k - 7 meat rations
Scrolls
 i - a scroll of blinking
 m - 2 scrolls of vulnerability
 n - 3 scrolls of remove curse
 o - a scroll of summoning
Potions
 d - 6 potions of curing
 e - 4 potions of heal wounds
 f - a potion of haste
 g - 4 potions of magic
 h - 2 potions of berserk rage
 l - a potion of invisibility


   Skills:
 - Level 6.1 Fighting
 * Level 14.8 Long Blades
   Level 8.0 Maces & Flails
 - Level 5.4 Armour
 - Level 4.8 Dodging


You had 6 spell levels left.
You didn't know any spells.

Dungeon Overview and Level Annotations

Branches:
Dungeon (1/1)

Altars:
Ashenzari
Cheibriados
Dithmenos
Elyvilon
Fedhas
Kikubaaqudgha
Makhleb
Nemelex Xobeh
Okawaru
Sif Muna
Trog
Vehumet
Xom
Yredelemnul
Zin
The Shining One
Beogh
Jiyva
Lugonu


Innate Abilities, Weirdness & Mutations

You reflexively headbutt those who attack you in melee.
You have a pair of horns on your head.


Message History

You are more poisoned.
You feel yourself slow down. The red wasp stings you!
You are more poisoned.
You feel as though you will be slow longer.
You are very lightly contaminated with residual magic.
You feel very sick. The red wasp stings you.
You are more poisoned.
You feel as though you will be slow longer.
The red wasp closely misses you.
There is an open door here.
You feel very sick. The red wasp stings you!
* * * LOW HITPOINT WARNING * * *
You are more poisoned.
You feel as though you will be slow longer.
* * * LOW HITPOINT WARNING * * *
You feel very sick. The red wasp stings you!
You die...

#.##'#%.#'###...<...#
#.#........##.......#
#.#........##.......#
#)###########.......#
#[).....# #########
#..#.#..# #.##.##.#
#.......#+#
#.##.##@#.+
#..#.#.y#'#
#.......'.#
###########


You could see a red wasp.

Vanquished Creatures
  A flying skull (D)
  An orc warrior (D)
  A water moccasin (D)
  An ice beast (D)
  A phantom (D)
  A giant frog (D)
  2 orc wizards (D)
  2 adders (D)
  An adder skeleton (D)
  3 orcs (D)
  A bat (D)
  2 giant cockroaches (D)
  2 quokkas (D)
  A giant newt (D)
  A hobgoblin skeleton (D)
21 creatures vanquished.

Notes
Turn   | Place    | Note
--------------------------------------------------------------
     0 | D        | OneOf99, the Minotaur Berserker, began the quest for the Orb.
     0 | D        | Reached XP level 1. HP: 19/19 MP: 1/1
    48 | D        | Found a shadowy altar of Dithmenos.
    48 | D        | Found a bloodstained altar of Trog.
    48 | D        | Found a deep blue altar of Sif Muna.
    48 | D        | Found a shimmering altar of Xom.
    48 | D        | Found a sparkling altar of Nemelex Xobeh.
    48 | D        | Found a corrupted altar of Lugonu.
    48 | D        | Found a viscous altar of Jiyva.
    49 | D        | Found a basalt altar of Yredelemnul.
    49 | D        | Found a glowing golden altar of the Shining One.
    49 | D        | Found a shattered altar of Ashenzari.
    49 | D        | Found a white marble altar of Elyvilon.
    49 | D        | Found a snail-covered altar of Cheibriados.
    49 | D        | Found a blossoming altar of Fedhas.
    49 | D        | Found a radiant altar of Vehumet.
    49 | D        | Found a burning altar of Makhleb.
    49 | D        | Found an ancient bone altar of Kikubaaqudgha.
    49 | D        | Found a glowing silver altar of Zin.
    49 | D        | Found a roughly hewn altar of Beogh.
    49 | D        | Found an iron altar of Okawaru.
    62 | D        | Reached skill level 4 in Fighting
    62 | D        | Reached XP level 2. HP: 14/27 MP: 1/1
    65 | D        | Acquired Trog's second power
    65 | D        | Reached skill level 5 in Maces & Flails
   465 | D        | Noticed a phantom
   488 | D        | Killed a phantom
   488 | D        | Reached skill level 6 in Fighting
   488 | D        | Reached skill level 7 in Maces & Flails
   488 | D        | Reached skill level 5 in Armour
   488 | D        | Reached XP level 3. HP: 23/37 MP: 2/2
   488 | D        | Reached XP level 4. HP: 27/44 MP: 2/2
   504 | D        | Reached skill level 8 in Maces & Flails
   671 | D        | Noticed an orc warrior
   671 | D        | Noticed an orc wizard
   671 | D        | Noticed an orc wizard
   672 | D        | Noticed a giant frog
   673 | D        | Noticed a flying skull
   675 | D        | Noticed an ice beast
   677 | D        | Killed an orc wizard
   677 | D        | Reached XP level 5. HP: 36/50 MP: 2/2
   679 | D        | Killed a giant frog
   685 | D        | Killed an ice beast
   685 | D        | Acquired Trog's third power
   685 | D        | Reached skill level 10 in Long Blades
   685 | D        | Reached XP level 6. HP: 45/57 MP: 3/3
   689 | D        | Killed an orc warrior
   689 | D        | Reached skill level 12 in Long Blades
   691 | D        | Killed an orc wizard
   698 | D        | Killed a flying skull
   698 | D        | Reached skill level 14 in Long Blades
   698 | D        | Reached XP level 7. HP: 63/63 MP: 3/3
   706 | D        | Noticed a water moccasin
   710 | D        | Killed a water moccasin
   865 | D        | Noticed a red wasp
   865 | D        | Paralysed by a red wasp for 2 turns
   870 | D        | Mangled by a red wasp

Action                   |  1- 3 |  4- 6 |  7- 9 || total
-------------------------+-------+-------+-------++-------
Melee: Mace              |    28 |     4 |       ||    32
       Long sword        |       |    20 |     8 ||    28
  Use: Potion            |       |     3 |     1 ||     4
  Eat: Fruit             |     1 |       |       ||     1
